 Dungeon Crawl Stone Soup version 0.17-a0-1718-g72dbe4d (webtiles) character file.

77 KINGKRU the Firebug (level 4, -5/30 HPs)
             Began as a Human Fire Elementalist on Aug 25, 2015.
             Was an Initiate of Makhleb.
             Slain by wearedevo's ghost (9 damage)
             ... on level 3 of the Dungeon.
             The game lasted 00:11:57 (2743 turns).

KINGKRU the Firebug (Human Fire Elementalist)       Turns: 2743, Time: 00:11:58

Health: -5/30      AC:  2    Str:  8    XL:     4   Next: 58%
Magic:  3/8        EV: 13    Int: 16    God:    Makhleb [......]
Gold:   63         SH:  0    Dex: 14    Spells: 1 memorised, 7 levels left

rFire  . . .     SeeInvis .     i - +0 short sword
rCold  . . .     Clarity  .     a - +0 robe
rNeg   . . .     SustAt   .     (no shield)
rPois  .         Gourm    .     (no helmet)
rElec  .         Spirit   .     (no cloak)
rCorr  .         Warding  .     (no gloves)
rMut   .         Stasis   .     (no boots)
MR     .....                    (no amulet)
Stlth  ++........               (no ring)
                                (no ring)

@: very slightly contaminated, not resistant to hostile enchantments, unstealthy
A: no striking features
a: Renounce Religion


You were on level 3 of the Dungeon.
You worshipped Makhleb.
Makhleb was noncommittal.
You were not hungry.

You visited 1 branch of the dungeon, and saw 3 of its levels.

You collected 63 gold pieces.

Inventory:

Hand weapons
 i - a +0 short sword (weapon)
Armour
 a - a +0 robe (worn)
Magical devices
 m - a wand of confusion (20)
Scrolls
 d - 2 scrolls of identify
 g - a scroll of immolation {unknown}
 k - a scroll of enchant weapon {unknown}
 l - 2 scrolls of noise {unknown}
Potions
 e - a potion of agility {unknown}
 j - a potion of curing {unknown}
Books
 b - a book of Flames

   Spells                             Type                      Level
   a - Flame Tongue                   Conjuration/Fire             1
   b - Throw Flame                    Conjuration/Fire             2
   c - Conjure Flame                  Conjuration/Fire             3
   d - Inner Flame                    Hexes/Fire                   3
   e - Sticky Flame                   Conjuration/Fire             4
   f - Fireball                       Conjuration/Fire             5
Comestibles
 c - a bread ration
 f - a slice of pizza
 h - 3 fruits
 n - 2 meat rations


   Skills:
 + Level 0.2 Fighting
 + Level 2.4 Dodging
 + Level 2.1 Stealth
 + Level 2.7 Spellcasting
 + Level 1.7 Conjurations
 + Level 3.8 Fire Magic


You had 7 spell levels left.
You knew the following spells:

 Your Spells              Type           Power        Failure   Level  Hunger
a - Flame Tongue          Conj/Fire      ##...        10%         1    #......


Dungeon Overview and Level Annotations

Branches:
Dungeon (3/15)

Altars:
Makhleb

Annotations:
D:3 wearedevo's ghost, average CeFi


Message History

Wearedevo's ghost stares at you. Wearedevo's ghost hits you!
* * * LOW HITPOINT WARNING * * *
Wearedevo's ghost shrieks, "You will never get the ORB!"
Wearedevo's ghost hits you.
* * * LOW HITPOINT WARNING * * *
You see here a robe.
The kobold hits you.
* * * LOW HITPOINT WARNING * * *
Wearedevo's ghost closely misses you.
Casting: Flame Tongue
Confirm with . or Enter, or press ? or * to list all spells.
Aiming: Flame Tongue
Press: ? - help, Shift-Dir - straight line, f/p - wearedevo's ghost
Aim: wearedevo's ghost (lightly damaged)
The flame tongue hits wearedevo's ghost.
Wearedevo's ghost is lightly damaged.
The kobold closely misses you. The rat closely misses you.
Wearedevo's ghost hits you!
You die...

#......# #....†.#
#......# #......#
#......# #
#.....<#..
#.............
#......#......
####.@....###....
##.#.KWr...# #..
#K####.†.....##.#
.
##...........###.#
.............# #..
.............# .
###.##.....### #
#......# ...#<...#


You could see wearedevo's ghost, a kobold and a rat.

Vanquished Creatures
  2 adders (D:2)
  An ooze (D:1)
  3 worms (D:2)
  A giant gecko (D:1)
  4 bats
  4 giant cockroaches
  8 goblins
  3 hobgoblins
  8 kobolds
  A quokka (D:2)
  5 giant newts
  3 rats (D:1)
43 creatures vanquished.

Notes
Turn   | Place    | Note
--------------------------------------------------------------
     0 | D:1      | KINGKRU the Human Fire Elementalist began the quest for the Orb.
     0 | D:1      | Reached XP level 1. HP: 13/13 MP: 3/3
   174 | D:1      | Reached XP level 2. HP: 13/19 MP: 0/5
   668 | D:1      | Reached XP level 3. HP: 22/24 MP: 3/6
  1542 | D:2      | Found a burning altar of Makhleb.
  1605 | D:2      | Became a worshipper of Makhleb the Destroyer
  1712 | D:2      | Reached XP level 4. HP: 23/30 MP: 2/7
  2130 | D:2      | Found a faded altar to an unknown god.
  2728 | D:3      | Noticed wearedevo's ghost (average CeFi)
  2743 | D:3      | Slain by wearedevo's ghost

Vault maps used:
D:1:      dpeg_arrival_rooms_b, minmay_stone_trees_small,
          minmay_misc_feat_columns
D:2:      nicolae_overflow_crystal_walls, first_bread, ecumenical_altar_2,
          minmay_cut_off
D:3:      cheibrodos_gnoll_hut

Action                   |  1- 3 |  4- 6 || total
-------------------------+-------+-------++-------
Melee: Unarmed           |     8 |       ||     8
       Short sword       |       |     1 ||     1
 Cast: Flame Tongue      |    55 |    38 ||    93
  Use: Scroll            |     1 |       ||     1
  Eat: Bread ration      |     1 |     1 ||     2
